 Dungeon Crawl Stone Soup version 0.30-a0-142-g7370640ec8 (webtiles) character file.

Game seed: 17693443791006238896

69 qw the Chopper (level 4, 0/28 HPs)
             Began as a Gargoyle Fighter on Sept 26, 2022.
             Killed by nerve-wracking pain
             ... invoked by an orc priest
              (4 damage)
             ... on level 3 of the Dungeon.
             The game lasted 00:00:39 (1642 turns).

qw the Chopper (Gargoyle Fighter)                   Turns: 1642, Time: 00:00:40

Health: 0/28       AC: 12    Str: 21    XL:     4   Next: 20%
Magic:  4/4        EV:  9    Int:  9    God:
Gold:   140        SH:  4    Dex:  9    Spells: 3/3 levels left

rFire   + . .      SeeInvis .    Y - +0 war axe
rCold   . . .      Faith    .    c - +0 buckler
rNeg    + . .      Spirit   .    b - +0 scale mail
rPois   inf        Reflect  .    g - +0 helmet
rElec   +          Harm     .    (no cloak)
rCorr   .          Rampage  .    l - +0 pair of gloves
Will    .....                    (no boots)
Stlth   ..........               (no amulet)
HPRegen 0.09/turn                e - ring of protection from fire
MPRegen 0.09/turn                (no ring)

@: about to teleport
A: sickness immunity, AC +3, negative energy resistance 1, electricity
resistance, torment resistance 1, petrification resistance
a: no special abilities


You were on level 3 of the Dungeon.
You visited 1 branch of the dungeon, and saw 3 of its levels.

You collected 140 gold pieces.


Innate Abilities, Weirdness & Mutations

You are immune to sickness and miasma.
Your stone body is resilient. (AC +3)
You are immune to poison.
You resist negative energy. (rN+)
You are resistant to electric shocks. (rElec)
You are resistant to unholy torment.
You are immune to petrification.


   Skills:
 - Level 3.2 Fighting
 + Level 4.0 Axes
 - Level 3.2 Armour
 - Level 3.2 Shields


You had 3 spell levels left.
You didn't know any spells.
Your spell library was empty.

Inventory:

Hand Weapons
 i - a +0 whip
 Y - a +0 war axe (weapon)
Missiles
 f - 2 boomerangs (quivered)
Armour
 b - a +0 scale mail (worn)
 c - a +0 buckler (worn)
 g - a +0 helmet (worn)
 l - a +0 pair of gloves (worn)
Jewellery
 e - a ring of protection from fire (left hand)
Scrolls
 a - 3 scrolls of identify
Potions
 d - a potion of might

Dungeon Overview and Level Annotations

Branches:
Dungeon (3/15)

Altars:

Shops:
D:2 [


Message History

h - a potion of flight;
1613 ||| IDENTIFYING puce potion Done exploring.
1614 ||| DROPPING potion of flight.
You drop a potion of flight.
Done exploring.
(D) Dungeon
Where to? (* - list waypoints, Enter - D:2, ? - help)
What level of the Dungeon? (default 1, ? - help)
You see here an adder skeleton.
There is an open door here.
There is a stone staircase leading down here.
You climb downwards.
There is a stone staircase leading up here.
Existing waypoints: (1) D:2 (2) D:1 Assign waypoint to what number? (0-9, D - delete waypoint) Waypoint 2 re-assigned from D:1 to D:3.
You open the door. 2 orc priests and 2 orcs come into view.
The orc priest shouts!
The orc shouts! x2
Found 87 gold pieces.
Found a roughly hewn altar of Beogh.
The orc priest hits you but does no damage.
The orc barely misses you.
There is an open door here.
You hit the orc priest.
The orc priest is lightly wounded.
You hit the orc.
The orc priest calls down the wrath of Beogh upon you.
Beogh smites you! The orc hits you but does no damage.
You closely miss the orc.
The orc is almost dead.
You closely miss the orc priest.
The orc priest mumbles some strange prayers to Beogh against you.
Beogh smites you! The orc completely misses you.
1642 ||| READING scroll of teleportation.
As you read the scroll of teleportation, it crumbles to dust.
You feel strangely unstable. The orc priest hits you with a +0 mace.
The orc priest invokes the aid of Beogh against you.
Pain shoots through your body!
You die...

######
...######....#
.......<..##@#
..#########ooo#
#$8.8o# #$..$$#
#$8$8$# ##$_$##
#####


You could see 2 orc priests and 2 orcs.

Vanquished Creatures
  2 adders (D:2)
  2 dart slugs (D:1)
  3 ball pythons (D:2)
  4 bats (D:2)
  2 endoplasms
  3 giant cockroaches
  2 goblins (D:2)
  5 hobgoblins
  4 jackals (D:1)
  4 kobolds
  4 quokkas
  3 frilled lizards
  5 rats
43 creatures vanquished.

Notes
Turn   | Place    | Note
-------+----------+-------------------------------------------
     0 | D:1      | qw the Gargoyle Fighter began the quest for the Orb.
     0 | D:1      | Reached XP level 1. HP: 14/14 MP: 1/1
     0 | D:1      | 0 ||| qw: Version: 0.2-a-10-g399e6c4
     0 | D:1      | 0 ||| qw: Game counter: 444
     0 | D:1      | 0 ||| qw: Always use a shield: true
     0 | D:1      | 0 ||| qw: God list: Okawaru
     0 | D:1      | 0 ||| qw: Allow faded altars: false
     0 | D:1      | 0 ||| qw: Do Orc after D:15 true
     0 | D:1      | 0 ||| qw: Do second Lair branch before Depths: true
     0 | D:1      | 0 ||| qw: Lair rune preference: random
     0 | D:1      | 0 ||| qw: Plans: Normal, Zot:1-4, God:TSO, Crypt, Tomb,
                  | Pan, Slime:5, Hells, Abyss, Orb
     0 | D:1      | 0 ||| PLANNING D:1-11
    56 | D:1      | Reached skill level 2 in Axes
   211 | D:1      | Reached XP level 2. HP: 19/19 MP: 2/2
   351 | D:1      | 351 ||| Stepping ~*~*~tactically~*~*~ (stealth).
   352 | D:1      | 352 ||| Stepping ~*~*~tactically~*~*~ (stealth).
   574 | D:1      | Reached skill level 3 in Axes
   656 | D:1      | 656 ||| UPGRADING to +0 helmet.
   661 | D:1      | 661 ||| READING 2 scrolls labelled KIMMOM LIDUGONAPS.
   662 | D:1      | 662 ||| READING scroll labelled YTIDEY BEFACO.
   663 | D:1      | 663 ||| READING 3 scrolls labelled KYAGEQ XI BUZE.
   664 | D:1      | 664 ||| DROPPING 2 scrolls of poison.
   673 | D:2      | 673 ||| Stepping ~*~*~tactically~*~*~ (stealth).
   675 | D:2      | 675 ||| Stepping ~*~*~tactically~*~*~ (stealth).
   681 | D:2      | 681 ||| Stepping ~*~*~tactically~*~*~ (stealth).
   692 | D:2      | Reached XP level 3. HP: 21/23 MP: 3/3
   776 | D:2      | 776 ||| Stepping ~*~*~tactically~*~*~ (stealth).
   810 | D:2      | Found a faded altar of an unknown god.
   900 | D:2      | 900 ||| Stepping ~*~*~tactically~*~*~ (stealth).
   937 | D:2      | 937 ||| Stepping ~*~*~tactically~*~*~ (stealth).
  1000 | D:2      | 1000 ||| Stepping ~*~*~tactically~*~*~ (stealth).
  1021 | D:2      | 1021 ||| FLEEEEING.
  1204 | D:2      | 1204 ||| Stepping ~*~*~tactically~*~*~ (stealth).
  1212 | D:2      | Reached XP level 4. HP: 28/28 MP: 4/4
  1213 | D:2      | 1213 ||| Stepping ~*~*~tactically~*~*~ (stealth).
  1411 | D:2      | Reached skill level 4 in Axes
  1436 | D:2      | Found Pihenn's Armour Shoppe.
  1449 | D:2      | 1449 ||| SHOPLISTING +5 pair of boots of the Realm of Zot
                  | {rC- rN+ Int+5} (530 gold, have 140).
  1599 | D:2      | 1599 ||| UPGRADING to +0 pair of gloves.
  1604 | D:2      | 1604 ||| UPGRADING to ring of protection from fire.
  1605 | D:2      | 1605 ||| DROPPING ring of flight.
  1606 | D:2      | 1606 ||| READING 2 scrolls labelled ZOASUE GAVEGE.
  1611 | D:2      | 1611 ||| READING scroll labelled ICSE ISTOKILA.
  1612 | D:2      | 1612 ||| READING scroll labelled UHATZOOROL.
  1613 | D:2      | 1613 ||| READING 4 scrolls of identify.
  1613 | D:2      | 1613 ||| IDENTIFYING puce potion
  1614 | D:2      | 1614 ||| DROPPING potion of flight.
  1641 | D:3      | HP: 5/28 [orc priest/divine providence (10)]
  1642 | D:3      | 1642 ||| READING scroll of teleportation.
  1642 | D:3      | Killed from afar by an orc priest

Levels and vault maps discovered:
D:1:      onia_arrival_pentagram, layout_basic
D:2:      layout_basic, serial_shops, shop_statue,
          shapermc_ecumenical_altar_rom_forum, minmay_fractal_squares_5
D:3:      layout_loops_ring, mainiacjoe_overflow_small_starburst,
          minmay_misc_feat_hallway, kennysheep_orc_chapel

Skill      XL: |  1  2  3  4 |
---------------+-------------+-----
Axes           | 2 3 4 |  4.0
Fighting       | |  3.2
Armour         | |  3.2
Shields        | |  3.2

Action                   |  1- 3 |  4- 6 || total
-------------------------+-------+-------++-------
Melee: War axe           |   109 |    14 ||   123
Throw: Boomerang         |    10 |     2 ||    12
  Use: Scroll            |     3 |     5 ||     8
Armor: Scale mail        |    63 |     9 ||    72
Dodge: Dodged            |    52 |     8 ||    60
Block: Buckler           |    24 |     2 ||    26

Table legend:
 A = Non-vault XP
 B = Vault XP
 C = Vault XP percentage of total XP
 D = Non-vault monster count
 E = Vault monster count
 F = Vault count percentage of total count
                 A         B        C        D         E       F
            +---------+---------+-------+---------+---------+-------
      Total |      85 |      14 |  14.1 |      34 |       9 |  20.9
            +---------+---------+-------+---------+---------+-------
        D:1 |      30 |       0 |   0.0 |      14 |       0 |   0.0
        D:2 |      55 |      14 |  20.3 |      20 |       9 |  31.0
            +---------+---------+-------+---------+---------+-------
